 Dungeon Crawl Stone Soup version 0.31-a0-841-g038b102fc3 (webtiles) character file.

Game seed: 17379225403247834436

16226 lunkers the Black Belt (level 13, -5/133 HPs)
             Began as a Meteoran Shapeshifter on Sept 27, 2023.
             Was a High Priest of Trog.
             Slain by a three-headed hydra simulacrum (20 damage)
             ... in an ice cave.
             The game lasted 00:13:20 (5009 turns).

lunkers the Black Belt (Meteoran Shapeshifter)      Turns: 5009, Time: 00:13:21

Health: -5/133     AC: 17    Str: 22    XL:     13   Next: 3%
Magic:  14/14      EV: 14    Int: 13    God:    Trog [*****.]
Gold:   808        SH:  0    Dex: 17    Spells: 12/12 levels left

rFire   . .          .
                       - Unarmed
rCold   . . .        (shield currently unavailable)
rNeg    . . .        j - melded +0 ring mail
rPois   +            (helmet currently unavailable)
rElec   .            b - melded +2 cloak {Stlth+}
rCorr   .            (gloves currently unavailable)
SInv    .            (boots currently unavailable)
Will    +....        (no amulet)
Stlth   +            g - ring of poison resistance
HPRegen 0.42/turn    i - ring of the Tortoise {AC+8}
MPRegen 0.14/turn

%: no passive effects
@: snake-form, slowed, glowing, very slow
A: constrict, boosted hp, large, sense surroundings 2, otherworldly, glowing,
explore regen
a: Begin Untransformation, Renounce Religion, Berserk, Trog's Hand, Brothers in
Arms


You were in an ice cave.
You worshipped Trog.
Trog was extremely pleased with you.
You were an enormous anaconda.
You visited 2 branches of the dungeon, and saw 11 of its levels.
You also visited: Sewer, Ossuary and Ice Cave.

You collected 808 gold pieces.

Inventory:

Armour
 a - a +0 animal skin
 b - a +2 cloak of stealth (melded)
 f - a +1 buckler
 j - a +0 ring mail (melded)
 C - a +0 buckler of cold resistance
Jewellery
 g - a ring of poison resistance (left hand)
 i - the ring of the Tortoise (right hand) {AC+8}
   (You acquired it on level 6 of the Dungeon)

   [ring of protection]

   AC+8:      It affects your AC (+8).
 x - an amulet of magic regeneration
 D - a ring of magical power
Talismans
 c - a beast talisman
 d - a flux talisman
 u - a serpent talisman (active)
Wands
 s - a wand of light (11)
 t - a wand of charming (5)
 z - a wand of polymorph (6)
 F - a wand of mindburst (3)
Scrolls
 h - 4 scrolls of blinking
 l - a scroll of enchant armour
 r - 2 scrolls of fear
 y - 2 scrolls of teleportation
 E - a scroll of vulnerability
Potions
 e - 4 potions of heal wounds
 k - 7 potions of curing
 m - 2 potions of invisibility
 n - 3 potions of enlightenment
 o - a potion of might {unknown}
 p - 4 potions of lignification
 q - a potion of attraction
 v - 2 potions of mutation
 w - a potion of resistance
 A - a potion of brilliance {unknown}
 B - 2 potions of cancellation


   Skills:
 + Level 9.0 Fighting
 + Level 9.1 Dodging
 * Level 16.0 Unarmed Combat
 + Level 11.0 Shapeshifting


You had 12 spell levels left.
You didn't know any spells.
Your spell library contained the following spells:

 Spells                   Type           Power      Damage    Failure   Level
 Sublimation of Blood     Necr           0%         N/A       43%         2
 Wereblood                Tmut           0%         N/A       43%         2
 Summon Hydra             Summ           0%         N/A       100%        7


Dungeon Overview and Level Annotations

Branches:
Dungeon (8/15) Zot: 1384   Temple (0/1) D:7            Lair (3/5) D:8 Zot: 983
  Sewer (visited)         Ossuary (visited)           IceCv (1/1) Zot: 397
  Swamp: Lair:2-3    Shoals: Lair:2-3     Snake: Lair:2-3    Spider: Lair:2-3

Altars:
Elyvilon
Fedhas
Gozag
Sif Muna
Trog
Xom

Annotations:
IceCv exclusion: 2 ice statues


Innate Abilities, Weirdness & Mutations

You are an enormous anaconda.
You have a powerful constriction melee attack.
Your maximum health is increased.
Your armour is entirely melded.
You are incapable of wielding weapons or throwing items.
You passively map the area around you.
You are easily found by Zot.
You glow in the dark.
You regain HP and MP as you explore.


Message History

You body-slam the ice devil!!
You kill the ice devil!
Trog accepts your kill.
Your Unarmed Combat skill increases to level 16!
Unknown command.
There is an open door here.
You see here a +0 buckler of cold resistance.
C - a +0 buckler of cold resistance
There is an open door here.
There is an open door here.
There is an open door here.
You open the door.
A three-headed hydra simulacrum comes into view.
You crush the three-headed hydra simulacrum!!!
The three-headed hydra simulacrum vaporises!
Trog accepts your kill.
Your Fighting skill increases to level 9!
Unknown command.
You open the door.
A three-headed hydra simulacrum comes into view.
You lash the three-headed hydra simulacrum!
The three-headed hydra simulacrum is moderately damaged.
The three-headed hydra simulacrum bites you but does no damage.
The three-headed hydra simulacrum closely misses you.
The three-headed hydra simulacrum bites you.
The three-headed hydra simulacrum freezes you!!
* * * LOW HITPOINT WARNING * * *
You lash the three-headed hydra simulacrum!
The three-headed hydra simulacrum is severely damaged.
You lash the three-headed hydra simulacrum!
The three-headed hydra simulacrum is almost destroyed.
The three-headed hydra simulacrum bites you.
* * * LOW HITPOINT WARNING * * *
The three-headed hydra simulacrum freezes you!!
* * * LOW HITPOINT WARNING * * *
The three-headed hydra simulacrum bites you.
* * * LOW HITPOINT WARNING * * *
The three-headed hydra simulacrum freezes you!!
You feel yourself slow down.
You die...

#.####...####.#
###.4#...#..###
#⌠[##'##.⌠#
*##'#...#'### *,,
#...#...#
###...###.### ,
#.#...#.#...#
*+###'#...#'###'#
#.ZS......'.#.# *
###.8...8.###.#
+.......'.#.#
###.8...8.###.#
,+...........'.#
###.8...8.###.# ,
,+.......+ #.#
#.8...8.# #.# *
+.......+,#.#


You could see a three-headed hydra simulacrum.

Vanquished Creatures
  A catoblepas (Lair:3)
  Erica (D:8)
  Pikel (D:6)
  4 cane toads
  2 rime drakes (Lair:3)
  2 ice devils (IceCv)
  2 anaconda simulacra (IceCv)
  A freezing wraith (IceCv)
  2 komodo dragons
  A polar bear (Lair:2)
  18 blink frogs
  A dire elephant simulacrum (IceCv)
  Sigmund (D:2)
  14 yaks
  A basilisk (Lair:1)
  A wyvern (D:7)
  2 death yak simulacra (IceCv)
  7 water moccasins
  A hydra simulacrum (IceCv)
  4 orc warriors
  2 sky beasts (D:7)
  An ice beast (D:6)
  2 black bears (D:8)
  3 ogres
  2 lemures (D:6)
  11 bullfrogs
  A gnoll sergeant (D:8)
  4 scorpions
  A two-headed ogre simulacrum (IceCv)
  3 wights (D:8)
  11 killer bees (D:8)
  4 electric eels (D:6)
  2 howler monkeys
  2 hounds (D:6)
  Crazy Yiuf (D:2)
  A jelly (D:5)
  5 orc priests
  Jessica (D:2)
  4 iguanas
  6 orc wizards
  A troll simulacrum (IceCv)
  8 mummies (Ossuary)
  13 adders
  4 gnolls (D:8)
  A naga simulacrum (IceCv)
  A river rat (D:3)
  A white imp (D:7)
  An ufetubus (D:6)
  2 worms
  6 dart slugs
  29 orcs
  5 bats
  11 endoplasms
  7 giant cockroaches
  9 goblins
  5 hobgoblins
  3 jackals (D:4)
  4 kobolds
  10 quokkas
  9 ball pythons
  10 frilled lizards
  3 gnoll zombies (Ossuary)
  4 kobold zombies (Ossuary)
  An orc zombie (Ossuary)
  6 rats
288 creatures vanquished.

Notes
Turn   | Place    | Note
-------+----------+-------------------------------------------
     0 | D:1      | lunkers the Meteoran Shapeshifter began the quest for the
                  | Orb.
     0 | D:1      | Reached XP level 1. HP: 16/16 MP: 2/2
    75 | D:1      | Reached skill level 4 in Unarmed Combat
    75 | D:1      | Reached XP level 2. HP: 16/23 MP: 3/3
   291 | D:1      | Reached XP level 3. HP: 23/28 MP: 4/4
   528 | D:2      | Reached XP level 4. HP: 35/35 MP: 5/5
   563 | D:2      | Noticed Sigmund
   585 | D:2      | Reached skill level 5 in Unarmed Combat
   594 | D:2      | Killed Sigmund
   595 | D:2      | Reached skill level 6 in Unarmed Combat
   595 | D:2      | Reached skill level 5 in Shapeshifting
   595 | D:2      | Reached XP level 5. HP: 27/40 MP: 6/6
   595 | D:2      | Reached XP level 6. HP: 32/47 MP: 7/7
   723 | D:2      | Identified the +1 robe "Yfual" {rPois rN+}
   822 | D:2      | Found a blossoming altar of Fedhas.
   856 | D:2      | Found a runed translucent door.
   857 | D:2      | Noticed Crazy Yiuf
   867 | D:2      | Killed Crazy Yiuf
   970 | D:2      | Noticed Jessica
   983 | D:2      | Killed Jessica
   984 | D:2      | Reached skill level 7 in Unarmed Combat
  1026 | D:3      | Found a bloodstained altar of Trog.
  1149 | D:3      | Became a worshipper of Trog the Wrathful
  1172 | D:3      | Found a glowing drain.
  1199 | D:3      | Reached XP level 7. HP: 42/52 MP: 8/8
  1202 | Sewer    | Entered a sewer
  1332 | Sewer    | Reached * piety under Trog
  1470 | Sewer    | Reached skill level 8 in Unarmed Combat
  1473 | Sewer    | Identified the staff of the Lame Duck {rF+ Str+3 Int+2
                  | Fire}
  1624 | D:4      | Reached XP level 8. HP: 34/59 MP: 9/9
  1666 | D:4      | Reached skill level 9 in Unarmed Combat
  1794 | D:4      | Reached ** piety under Trog
  1927 | D:5      | Entered Level 5 of the Dungeon
  2151 | D:5      | Gained mutation: You passively map the area around you.
                  | [Meteoran growth]
  2151 | D:5      | Reached XP level 9. HP: 68/68 MP: 10/10
  2392 | D:5      | Reached skill level 10 in Unarmed Combat
  2724 | D:6      | Found a shimmering blue altar of Sif Muna.
  2729 | D:6      | Found a white marble altar of Elyvilon.
  2733 | D:6      | Found an opulent altar of Gozag.
  2851 | D:6      | Found a shimmering altar of Xom.
  2852 | D:6      | Found a shimmering altar of Xom.
  2853 | D:6      | Found a shimmering altar of Xom.
  2857 | D:6      | Found a shimmering altar of Xom.
  2858 | D:6      | Found a shimmering altar of Xom.
  2859 | D:6      | Found a shimmering altar of Xom.
  2859 | D:6      | Found a shimmering altar of Xom.
  2895 | D:6      | Identified a scroll of acquirement
  2895 | D:6      | Acquired the ring of the Tortoise {AC+8}
  2895 | D:6      | Found the ring of the Tortoise {AC+8}
  2930 | D:6      | Reached skill level 11 in Unarmed Combat
  3028 | D:6      | Noticed Pikel
  3043 | D:6      | Killed Pikel
  3044 | D:6      | Reached XP level 10. HP: 64/80 MP: 11/11
  3060 | D:6      | Reached skill level 5 in Dodging
  3162 | D:7      | Found a staircase to the Ecumenical Temple.
  3176 | D:7      | Found a sand-covered staircase.
  3191 | Ossuary  | Entered an ossuary
  3207 | Ossuary  | Reached *** piety under Trog
  3234 | Ossuary  | Reached skill level 5 in Fighting
  3393 | D:7      | Reached skill level 12 in Unarmed Combat
  3437 | D:7      | Found a runed translucent door.
  3561 | D:7      | Reached **** piety under Trog
  3665 | D:8      | Noticed Erica
  3681 | D:8      | Killed Erica
  3775 | D:8      | Reached XP level 11. HP: 89/89 MP: 12/12
  3836 | D:8      | Reached skill level 13 in Unarmed Combat
  3937 | D:8      | Found a staircase to the Lair.
  3945 | Lair:1   | Entered Level 1 of the Lair of Beasts
  4002 | Lair:1   | Reached skill level 14 in Unarmed Combat
  4210 | Lair:1   | Reached skill level 10 in Shapeshifting
  4217 | Lair:1   | Reached XP level 12. HP: 100/100 MP: 13/13
  4296 | Lair:1   | Reached ***** piety under Trog
  4466 | Lair:1   | Glimpsed the power of Zot.
  4541 | Lair:2   | Reached skill level 15 in Unarmed Combat
  4658 | Lair:3   | Noticed a catoblepas
  4669 | Lair:3   | Killed a catoblepas
  4720 | Lair:3   | Found a frozen archway.
  4803 | IceCv    | Entered an ice cave
  4971 | IceCv    | Reached XP level 13. HP: 103/110 MP: 14/14
  4978 | IceCv    | Reached skill level 16 in Unarmed Combat
  5009 | IceCv    | Slain by a three-headed hydra simulacrum

Illustrated notes

Levels and vault maps discovered:
D:1:      evilmike_arrival_plus, layout_loops_ring, st_stairs_9, minmay_cupped
D:2:      layout_rooms, basic_altar, uniq_sigmund, uniq_crazy_yiuf_cottage,
          uniq_jessica
D:3:      layout_loops_ring, trog_three_pillars_becter, portal_sewer_entry_a
D:4:      layout_cave_pools
D:5:      layout_basic, serial_curves, eino_curves_02, eino_curves_01,
          hangedman_decor_points, amcnicky_mini_pool_small, minivault_4
D:6:      layout_loops_ring, minmay_overflow_temple_star_quad, xom_redecorated,
          serial_bayou, serial_bayou_pond_c, serial_bayou_pond_c,
          serial_bayou_shore_a, serial_bayou_ford_a, kennysheep_another_room,
          minivault_1, uniq_pikel
D:7:      layout_cave_pools, temple_green, nicolae_ossuary_entry_plus,
          lightli_church_of_beogh
D:8:      layout_basic, grunt_lair_entry_orc_guard_hut, uniq_erica
Lair:1:   layout_gridlike
Lair:2:   layout_roguey, pdpol_lair_cabin_in_the_woods, serial_bayou_shore_b
Lair:3:   lemuel_ratsnest, layout_cave_pods, minmay_swamp_entry_worms,
          nicolae_snake_entry_warm_welcome, portal_ice_cave_rime,
          lemuel_centaur_altar
IceCv:    ice_cave_tombish

Skill      XL: |  1  2  3  4  5  6  7  8  9 10 11 12 13 |
---------------+----------------------------------------+-----
Unarmed Combat | 4 6 7 8 9 11 12 14 15 16 | 16.0
Shapeshifting  | 4 5 6 7 8 10 11 | 11.0
Fighting       | 2 4 6 7 8 9 |  9.0
Dodging        | 3 4 6 7 9 |  9.1

Action                     |  1- 3 |  4- 6 |  7- 9 | 10-12 | 13-15 || total
---------------------------+-------+-------+-------+-------+-------++-------
  Melee: Unarmed           |    54 |    65 |   308 |   381 |    11 ||   819
         Punch             |     2 |     1 |       |       |       ||     3
         Constrict         |       |       |    10 |    91 |     1 ||   102
 Invoke: Berserk           |       |       |     2 |     2 |       ||     4
    Use: Potion            |       |     2 |       |       |       ||     2
         Scroll            |       |     5 |     7 |     8 |       ||    20
   Stab: Sleeping          |       |       |     3 |       |       ||     3
 Armour: Animal skin       |    30 |    29 |   114 |       |       ||   173
         Skin              |       |     4 |    20 |   238 |     8 ||   270
         Ring mail         |       |       |    39 |       |       ||    39
  Dodge: Dodged            |    40 |    26 |   154 |   175 |     2 ||   397
   Form: Flux              |       |     1 |       |       |       ||     1
         Anaconda          |       |       |     1 |       |       ||     1

Table legend: (Time is in decaauts)
 A = Elapsed time spent in this place.
 B = Non-inter-level travel time spent in this place.
 C = Inter-level travel time spent in this place.
 D = Time resting spent in this place.
 E = Time spent auto-exploring this place.
 F = Levels seen in this place.
 G = Mean time per level.
                   A        B        C        D        E       F      G
               +--------+--------+--------+--------+--------+-----+--------+
         Total |   4965 |   4827 |    138 |     36 |   2772 |  14 |  354.6 |
       Dungeon |   3415 |   3292 |    123 |     10 |   2036 |   8 |  426.9 |
          Lair |    816 |    802 |     14 |      0 |    527 |   3 |  272.0 |
         Sewer |    350 |    350 |      0 |      0 |    103 |   1 |  350.0 |
       Ossuary |    179 |    179 |      0 |      0 |    105 |   1 |  179.0 |
      Ice Cave |    201 |    201 |      0 |     25 |      0 |   1 |  201.0 |
               +--------+--------+--------+--------+--------+-----+--------+

Top non-repeatable levels by time:
     D:5: 712 daAuts
     D:2: 539 daAuts
  Lair:1: 514 daAuts
     D:1: 466 daAuts
     D:6: 447 daAuts
   Sewer: 350 daAuts
     D:7: 331 daAuts
     D:4: 324 daAuts
     D:3: 298 daAuts
     D:8: 296 daAuts
   IceCv: 201 daAuts
 Ossuary: 179 daAuts
  Lair:2: 165 daAuts
  Lair:3: 137 daAuts
